 Dungeon Crawl Stone Soup version 0.26.0-16-gc1dbca0489 (webtiles) character file.

Game seed: 2810888305928954476

86 kaeus the Skirmisher (level 4, -12/52 HPs)
             Began as a Demonspawn Berserker on Jan 20, 2021.
             Was a Follower of Trog.
             Mangled by an ogre
             ... wielding a +0 giant club
              (20 damage)
             ... on level 4 of the Dungeon.
             The game lasted 00:02:11 (1920 turns).

kaeus the Skirmisher (Demonspawn Berserker)         Turns: 1920, Time: 00:02:11

Health: -12/52     AC:  5    Str: 19    XL:     4   Next: 26%
Magic:  0/4        EV: 12    Int:  8    God:    Trog [*.....]
Gold:   58         SH:  0    Dex: 12    Spells: 3/3 levels left

rFire    . . .     SeeInvis .   a - +0 hand axe
rCold    . . .     Faith    .   (no shield)
rNeg     . . .     Spirit   +   b - +0 animal skin
rPois    .         Reflect  .   i - +0 helmet
rElec    .         Harm     .   (no cloak)
rCorr    .         Rampage  .   (no gloves)
Will     .....                  (no boots)
Stlth    ..........             (no amulet)
HPRegen  0.17/turn              (no ring)
MPRegen  0.09/turn              (no ring)

@: berserking, very quick
A: icy blue scales 1, magic shield
a: Renounce Religion, Berserk


You were on level 4 of the Dungeon.
You worshipped Trog.
Trog was aware of your devotion.
You visited 1 branch of the dungeon, and saw 3 of its levels.

You collected 58 gold pieces.

Inventory:

Hand Weapons
 a - a +0 hand axe (weapon)
Armour
 b - a +0 animal skin (worn)
 i - a +0 helmet (worn)
Jewellery
 g - an uncursed amulet of inaccuracy
 l - a +4 ring of evasion {unknown}
Scrolls
 e - 2 scrolls of teleportation
 m - a scroll of fear
 n - a scroll of identify {unknown}
 o - a scroll of remove curse
 q - a scroll of enchant weapon {unknown}
Potions
 c - 2 potions of heal wounds {unknown}
 d - 2 potions of berserk rage {unknown}
 f - a potion of brilliance {unknown}
 h - a potion of might {unknown}
 j - a potion of resistance {unknown}
 k - a potion of mutation {unknown}
 p - 2 potions of curing {unknown}


   Skills:
 + Level 3.5 Fighting
 + Level 3.2 Axes
 + Level 2.6 Armour
 - Level 1.7 Dodging
 + Level 1.7 Stealth


You had 3 spell levels left.
You didn't know any spells.
Your spell library was empty.

Dungeon Overview and Level Annotations

Branches:
Dungeon (2/15)

Altars:


Innate Abilities, Weirdness & Mutations

You are partially covered in icy blue scales. (AC +2)
When hurt, damage is shared between your health and your magic reserves.


Message History

The ogre is heavily wounded.
The ogre hits you with a +0 giant club!
* * * LOW HITPOINT WARNING * * *
An ooze comes into view.
You are too injured to fight recklessly!
A red film seems to cover your vision as you go berserk!
You feel yourself moving faster!
You feel mighty!
The ooze quivers.
The ogre misses you.
You are too injured to fight recklessly!
You are too injured to fight recklessly!
You are too injured to fight recklessly!
You are too injured to fight recklessly!
You are too injured to fight recklessly!
You closely miss the ogre.
The ogre is heavily wounded.
You barely miss the ogre.
The ogre is heavily wounded.
The ogre hits you with a +0 giant club!!
You die...

#..# #.#..####.
##.####.#.##
#..........# # #
#........#...# ..
#.†......###.# ...
..#.........##.#....
#........##$#.......
......................
####.......###@.......
.........# ##O......
.######.### .......
#.# .#..#.. #.. .##J#
. #. ## ... ..? ..


You could see an ogre and an ooze.

Vanquished Creatures
  A worker ant (D:4)
  2 adders (D:2)
  An ooze (D:1)
  A worm (D:2)
  5 leopard geckos
  2 giant cockroaches (D:1)
  3 goblins
  4 hobgoblins (D:1)
  2 jackals (D:1)
  3 quokkas (D:2)
  2 bats
  A frilled lizard (D:1)
  2 kobolds
  3 rats (D:1)
32 creatures vanquished.

Notes
Turn   | Place    | Note
-------+----------+-------------------------------------------
     0 | D:1      | kaeus the Demonspawn Berserker began the quest for the Orb.
     0 | D:1      | Reached XP level 1. HP: 18/18 MP: 1/1
   248 | D:1      | Gained mutation: When hurt, damage is shared between your
                  | health and your magic reserves. [demonic ancestry]
   248 | D:1      | Reached XP level 2. HP: 24/24 MP: 2/2
   592 | D:1      | Reached skill level 1 in Stealth
   989 | D:2      | Gained mutation: You are partially covered in icy blue
                  | scales. (AC +2) [demonic ancestry]
   989 | D:2      | Reached XP level 3. HP: 21/29 MP: 1/3
  1551 | D:2      | Reached ** piety under Trog
  1763 | D:2      | You fall into a shaft and drop 2 floors!
  1785 | D:4      | Reached XP level 4. HP: 27/35 MP: 2/4
  1912 | D:4      | Noticed an ogre
  1920 | D:4      | Mangled by an ogre

Illustrated notes

Levels and vault maps discovered:
D:1:      wander_arrival_chamber, layout_rooms
D:2:      layout_loops_cross, kennysheep_cross_bottleneck
D:4:      layout_rooms

Skill      XL: |  1  2 |
---------------+-------+-----
Armour         | 2 |  2.6
Stealth        | 1 |  1.7
Axes           | 3 |  3.2
Fighting       | |  3.5
Dodging        | |  1.7

Action                   |  1- 3 |  4- 6 || total
-------------------------+-------+-------++-------
Melee: Hand axe          |   108 |     6 ||   114
Invok: Berserk           |     1 |     1 ||     2
  Use: Scroll            |     3 |       ||     3
 Stab: Sleeping          |     3 |       ||     3
Armor: Animal skin       |    17 |     1 ||    18
Dodge: Dodged            |    74 |     2 ||    76
